 Dungeon Crawl Stone Soup version 0.30-b1-2-g02819fbbbe (webtiles) character file.

Game seed: 2997733278794933964

163933 raph the Bludgeoner (level 16, -7/149 HPs)
             Began as a Minotaur Fighter on Dec 30, 2023.
             Was the Champion of the Shining One.
             Succumbed to a death drake's dark miasma
             ... on level 4 of the Swamp.
             The game lasted 00:40:00 (27946 turns).

raph the Bludgeoner (Minotaur Fighter)             Turns: 27946, Time: 00:40:01

Health: -7/149     AC: 37    Str: 24    XL:     16   Next: 99%
Magic:  24/24      EV:  9    Int:  5    God:    the Shining One [******]
Gold:   1342       SH: 14    Dex: 15    Spells: 15/15 levels left

rFire   . . .        a - +0 eveningstar (flame)
rCold   . . .        L - +2 kite shield {AC+3}
rNeg    + + +        r - +3 crystal plate armour
rPois   +            (helmet restricted)
rElec   .            o - +1 cloak
rCorr   .            s - +1 pair of gloves
SInv    .            f - +1 pair of boots
Will    +....        P - amulet of regeneration Stlth
                     J - +4 ring of slaying
HPRegen 1.24/turn    x - ring of poison resistance
MPRegen 0.19/turn

%: no passive effects
@: lethally poisoned (-7 -> -34), slowed, glowing, very slow
A: horns 2, retaliatory headbutt
}: 1/15 runes: decaying
a: Renounce Religion, Divine Shield, Cleansing Flame, Summon Divine Warrior


You were on level 4 of the Swamp.
You worshipped the Shining One.
The Shining One was exalted by your worship.
You visited 4 branches of the dungeon, and saw 26 of its levels.
You visited 1 bazaar.
You also visited: Ossuary and Bailey.

You collected 2643 gold pieces.
You spent 1301 gold pieces at shops.

Inventory:

Hand Weapons
 a - a +0 eveningstar of flaming (weapon)
 b - a +0 sling of flaming
 c - a +2 morningstar of flaming
 w - a +3 morningstar of holy wrath
Missiles
 I - 11 boomerangs
 T - 49 poisoned darts
Armour
 f - a +1 pair of boots (worn)
 o - a +1 cloak (worn)
 r - a +3 crystal plate armour (worn)
 s - a +1 pair of gloves (worn)
 L - a +2 kite shield of protection (worn)
Jewellery
 u - a +6 ring of dexterity
 x - a ring of poison resistance (right hand)
 J - a +4 ring of slaying (left hand)
 P - an amulet of regeneration (around neck)
Wands
 d - a wand of paralysis (12)
 l - a wand of iceblast (10)
 n - a wand of flame (42)
 v - a wand of light (36)
 D - a wand of digging (6)
 K - a wand of polymorph (12)
 Q - a wand of mindburst (10)
Scrolls
 m - 17 scrolls of teleportation
 q - 5 scrolls of vulnerability
 y - 6 scrolls of amnesia
 B - 9 scrolls of identify
 C - a scroll of magic mapping
 E - 3 scrolls of silence
 H - 2 scrolls of fear
 N - 3 scrolls of fog
 O - 2 scrolls of poison
 R - 4 scrolls of blinking
Potions
 e - 6 potions of flight
 g - 5 potions of mutation
 h - 3 potions of invisibility
 i - 13 potions of curing
 j - 8 potions of brilliance
 k - 7 potions of attraction
 p - 2 potions of berserk rage
 z - 3 potions of lignification
 A - 2 potions of heal wounds
 M - 4 potions of might
 S - 2 potions of cancellation
 U - 3 potions of magic
 W - 4 potions of haste
Miscellaneous
 t - a lightning rod (4/4)
 G - a box of beasts


   Skills:
 + Level 15.1 Fighting
 - Level 16.0 Maces & Flails
 + Level 9.1 Ranged Weapons
 + Level 15.2 Armour
 + Level 12.0 Dodging
 - Level 11.9 Shields
 + Level 12.1 Invocations
 + Level 9.6 Evocations


You had 15 spell levels left.
You didn't know any spells.
Your spell library contained the following spells:

 Spells                   Type           Power      Damage    Failure   Level
 Foxfire                  Conj/Fire      0%         2x1d4     100%        1
 Magic Dart               Conj           0%         1d3       100%        1
 Shock                    Conj/Air       0%         1d3       100%        1
 Blink                    Tloc           0%         N/A       100%        2
 Ensorcelled Hibernation  Hex/Ice        0%         N/A       100%        2
 Lesser Beckoning         Tloc           0%         N/A       100%        2
 Momentum Strike          Conj/Tloc      0%         3d8       100%        2
 Searing Ray              Conj           0%         2d4       100%        2
 Static Discharge         Conj/Air       0%         2-2/arc   100%        2
 Gell's Gravitas          Tloc           0%         N/A       100%        3
 Ozocubu's Armour         Ice            0%         N/A       100%        3
 Spider Form              Tmut/Pois      0%         N/A       100%        3
 Summon Guardian Golem    Hex/Summ       0%         N/A       100%        3
 Swiftness                Air            0%         N/A       100%        3
 Teleport Other           Tloc           0%         N/A       100%        3
 Tukima's Dance           Hex            0%         N/A       100%        3
 Airstrike                Air            0%         2d(0-16)  100%        4
 Anguish                  Hex/Necr       0%         N/A       100%        4
 Fulminant Prism          Conj/Hex       0%         3d5       100%        4
 Olgreb's Toxic Radiance  Pois           0%         N/A       100%        4
 Passage of Golubria      Tloc           0%         N/A       100%        4
 Summon Lightning Spire   Summ/Air       0%         N/A       100%        4
 Blade Hands              Tmut           0%         N/A       100%        5
 Fireball                 Conj/Fire      0%         3d3       100%        5
 Irradiate                Conj/Tmut      0%         3d11      100%        5
 Yara's Violent Unravell  Hex/Tmut       0%         3d3       100%        5
 Dispersal                Tloc           0%         N/A       100%        6
 Plasma Beam              Fire/Air       0%         2x1d11    100%        6
 Starburst                Conj/Fire      0%         6d3       100%        6
 Dragon Form              Tmut           0%         N/A       100%        7
 Orb of Destruction       Conj           0%         9d5       100%        7
 Ozocubu's Refrigeration  Ice            0%         4d7       100%        7
 Spellforged Servitor     Conj/Summ      0%         N/A       100%        7
 Discord                  Hex            0%         N/A       100%        8
 Ignition                 Fire           0%         3d3       100%        8


Dungeon Overview and Level Annotations

Branches:
Dungeon (15/15)            Temple (0/1) D:6            Lair (5/5) D:10
  Swamp (4/4) Lair:3       Spider (0/4) Lair:3        Slime (0/5) Lair:4
    Orc (2/2) D:9             Elf (0/3) Orc:2        Vaults (0/5) D:13
 Depths (0/4) D:15        Ossuary (visited)          Bailey (visited)

Altars:
Elyvilon
Fedhas
Gozag
Kikubaaqudgha
Okawaru
Qazlal
Ru
Sif Muna
Trog
Uskayaw
Wu Jian
Yredelemnul
Zin
The Shining One
Jiyva
Lugonu

Shops:
D:6 [((*   Orc:1 :   Orc:2 **(*(

Portals:
Abyss: Lair:5
Trove: D:12 (give +4 fire dragon scales)

Annotations:
D:15 Roxanne
Lair:3 1 runed translucent door, Befuwnopp's ghost, journeyman TrHu
Orc:2 1 runed translucent door, Melkor's ghost, journeyman AtFi


Innate Abilities, Weirdness & Mutations

You have a pair of horns on your head.
You reflexively headbutt those who attack you in melee.


Message History

The death drake attacks as you move away!
You block the death drake's attack.
Found a book of Dangerous Friends.
You feel very sick.
The will-o-the-wisp engulfs you but does no damage.
The death drake bites you but does no damage.
You block the will-o-the-wisp's attack.
You barely miss the will-o-the-wisp.
The will-o-the-wisp is moderately damaged.
You feel sick. You block the death drake's attack.
The death drake breathes miasma at you. The foul vapour engulfs you.
You are more poisoned.
You feel as though you will be slow longer.
The will-o-the-wisp engulfs you but does no damage.
You impale the death drake!! You burn the death drake.
The death drake is almost dead.
You are engulfed in dark miasma.
You are more poisoned.
You feel extremely sick. You block the death drake's attack.
The will-o-the-wisp engulfs you but does no damage.
The death drake bites you but does no damage.
You sock the will-o-the-wisp! You burn the will-o-the-wisp.
The will-o-the-wisp is severely damaged.
You are engulfed in dark miasma.
You are lethally poisoned!
You feel as though you will be slow longer.
* * * LOW HITPOINT WARNING * * *
x2 You feel extremely sick.
The will-o-the-wisp gestures.
The will-o-the-wisp conjures some foxfire!
The death drake breathes miasma at you.
The foul vapour engulfs you but does no damage. 2 foxfires come into view.
You hit the death drake but do no damage.
The death drake is almost dead.
You are engulfed in dark miasma.
You feel as though you will be slow longer.
* * * LOW HITPOINT WARNING * * *
You die...

*
**,,~~,**,~~~,,~~~~~~**
*
*~~,,...~~~~~~...~~~~,*
*
*,~,~~.~~~~~.......♣***
♣♣♣♣♣♣**~.~~~~~~..~....♣
♣§..<♣ **:~~~~~~^..~..~*
~~~~.♣ *♣~~~§~..°.°.♣♣*
~~~~~♣♣♣♣♣.~~~..°vv~^.♣
~~~~...~♣♣*♣♣..~~v°~§.♣
~~~~~~..~♣ ♣..~~@k°~~.♣
†).~~~~~(♣♣♣..~~~.~°~§♣
.[†.~~~~~~♣♣♣♣§~~~~.♣♣♣
##†.§~.§~.....§~~~~~.~♣♣
...#~~~~~~~~~~~~~~~.~~.♣
..~#~~.~~~~~~~~~§~..~~.♣
...#~~~~~~~~......♣~..♣♣
.~..~~~~~~~.♣~..~♣♣♣♣♣♣
~.##~...~§~♣♣.~.♣♣


You could see a death drake (catching breath) and a will-o-the-wisp.

Vanquished Creatures
  the Lernaean hydra (Swamp:4)
  3 ghouls (Swamp:3)
  Nessos (D:12)
  8 eleionomae
  5 bunyips
  Snorg (Lair:3)
  Fannar (Orc:1)
  Erolcha (D:12)
  9 vault guards
  3 ghost crabs
  3 boulder beetles
  4 ogre magi (Orc:2)
  19 hydras
  4 centaur warriors
  2 catoblepae
  12 alligators
  A spriggan berserker (Swamp:2)
  17 two-headed ogres
  A tengu warrior (D:15)
  Urug (Lair:4)
  3 thrashing horrors (Lair:5)
  Nergalle (D:11)
  A skyshark (Lair:5)
  5 goliath frogs
  9 skeletal warriors (D:15)
  2 spriggan druids
  9 bog bodies
  Pikel (D:9)
  9 swamp dragons
  A wizard (D:15)
  4 orc knights
  A large abomination (Lair:5)
  14 ugly things
  2 deep elf pyromancers (D:14)
  3 orc sorcerers
  3 will-o-the-wisps (Swamp:1)
  2 cyclopes
  3 black mambas
  2 smoke demons (Lair:5)
  Maurice (D:9)
  9 cane toads
  A rime drake (Lair:5)
  Maggie (D:6)
  7 komodo dragons
  Psyche (D:11)
  A yaktaur (D:15)
  An efreet (D:15)
  3 tengu conjurers
  An ancient zyme (Lair:5)
  5 trolls
  A meliai (shapeshifter) (D:15)
  4 polar bears
  8 tyrant leeches
  7 hornets
  11 blink frogs (Lair:5)
  11 dream sheep
  5 jumping spiders (Lair:3)
  5 slime creatures
  A shadow (D:11)
  A vampire (D:10)
  54 yaks
  A wraith (D:13)
  9 wyverns
  6 ynoxinuls (Lair:5)
  3 culicivoras (Lair:3)
  5 spriggans
  A spriggan (shapeshifter) (D:15)
  A steam dragon (Lair:4)
  7 basilisks
  A basilisk (shapeshifter) (Lair:5)
  3 redbacks (Lair:3)
  Menkaure (D:7)
  8 vampire mosquitoes
  2 wargs
  14 swamp worms
  3 acid dragons
  6 water moccasins
  5 swamp drakes (Swamp:4)
  A black bear (D:7)
  3 ice beasts (D:7)
  15 orc warriors
  A hornet zombie (Ossuary)
  28 ogres
  13 wolves
  12 centaurs
  A lemure (D:9)
  A phantom (D:4)
  3 kobold brigands
  8 bullfrogs
  A scorpion (D:4)
  A gnoll sergeant (D:7)
  A necrophage (Swamp:3)
  3 water moccasin zombies (Ossuary)
  3 wyvern zombies (Ossuary)
  11 small abominations (Lair:5)
  A hornet simulacrum (D:15)
  3 wights (D:8)
  3 killer bees (D:11)
  An electric eel (Lair:4)
  4 howler monkeys
  6 bullfrog zombies (Ossuary)
  2 jellies (Lair:4)
  5 centaur zombies
  2 gnoll boudas
  2 hounds
  5 orc priests
  Crazy Yiuf (D:2)
  A sleepcap (D:8)
  14 mummies (Ossuary)
  Terence (D:2)
  An iguana (D:5)
  4 hell rats (Lair:4)
  11 orc wizards
  3 killer bee zombies (Ossuary)
  13 gnolls
  8 adders
  13 white imps
  An ufetubus (D:5)
  3 worms
  5 dart slugs
  47 orcs
  8 bats
  10 endoplasms
  4 giant cockroaches
  9 goblins
  12 hobgoblins
  5 jackals (D:1)
  23 kobolds
  4 quokkas
  4 ball pythons
  4 frilled lizards
  4 rats
740 creatures vanquished.

Vanquished Creatures (collateral kills)
  A shambling mangrove (Swamp:3)
  2 hydras (Swamp:4)
  3 skeletal warriors (D:15)
  3 swamp dragons (Swamp:4)
  4 bog bodies (Swamp:4)
  A wizard (D:15)
  A necromancer (D:15)
  A deep elf pyromancer (D:15)
  A wolf spider simulacrum (D:15)
  2 hornets (Swamp:3)
  A spriggan (Swamp:4)
  3 swamp drakes (Swamp:4)
  An orc priest (D:15)
24 creatures vanquished.

Vanquished Creatures (others)
  A will-o-the-wisp (Swamp:2)
  14 foxfires
  15 fungi
  27 plants
  7 withered plants
64 creatures vanquished.

Grand Total: 828 creatures vanquished

Notes
Turn   | Place    | Note
-------+----------+-------------------------------------------
     0 | D:1      | raph the Minotaur Fighter began the quest for the Orb.
     0 | D:1      | Reached XP level 1. HP: 19/19 MP: 0/0
   202 | D:1      | Reached XP level 2. HP: 27/27 MP: 1/1
   279 | D:1      | Reached skill level 3 in Maces & Flails
   518 | D:1      | Reached XP level 3. HP: 33/33 MP: 2/2
   576 | D:1      | Found a faded altar of an unknown god.
   969 | D:2      | Found a runed translucent door.
   970 | D:2      | Noticed Crazy Yiuf
   977 | D:2      | Killed Crazy Yiuf
  1139 | D:2      | Reached XP level 4. HP: 40/40 MP: 3/3
  1285 | D:2      | Noticed Terence
  1301 | D:2      | Reached skill level 4 in Maces & Flails
  1305 | D:2      | Killed Terence
  2105 | D:3      | Reached XP level 5. HP: 47/47 MP: 4/4
  3187 | D:4      | Reached skill level 5 in Maces & Flails
  3410 | D:4      | Found a glowing silver altar of Zin.
  3412 | D:4      | Found a basalt altar of Yredelemnul.
  3413 | D:4      | Found a glowing golden altar of the Shining One.
  3413 | D:4      | Found a blossoming altar of Fedhas.
  3413 | D:4      | Found a bloodstained altar of Trog.
  3413 | D:4      | Found an iron altar of Okawaru.
  3413 | D:4      | Noticed a phantom
  3414 | D:4      | Found a shimmering blue altar of Sif Muna.
  3414 | D:4      | Found a stormy altar of Qazlal.
  3415 | D:4      | Found an opulent altar of Gozag.
  3425 | D:4      | Killed a phantom
  3426 | D:4      | Reached skill level 5 in Shields
  3426 | D:4      | Reached XP level 6. HP: 55/55 MP: 5/5
  3429 | D:4      | Found an ornate altar of the Wu Jian Council.
  3429 | D:4      | Found a white marble altar of Elyvilon.
  3446 | D:4      | Became a worshipper of the Shining One
  3480 | D:4      | Reached skill level 5 in Fighting
  3480 | D:4      | Reached skill level 5 in Armour
  4021 | D:4      | Reached skill level 6 in Maces & Flails
  4457 | D:5      | Entered Level 5 of the Dungeon
  4484 | D:5      | Reached XP level 7. HP: 61/61 MP: 6/6
  4527 | D:5      | Reached skill level 1 in Invocations
  5100 | D:6      | Noticed Maggie
  5108 | D:6      | Killed Maggie
  5109 | D:6      | Reached skill level 7 in Maces & Flails
  5211 | D:6      | Found a hide-covered altar of Uskayaw.
  5265 | D:6      | Noticed a yak
  5265 | D:6      | Noticed a yak
  5266 | D:6      | Noticed a yak
  5266 | D:6      | Noticed a yak
  5266 | D:6      | Noticed a yak
  5274 | D:6      | Noticed a yak
  5278 | D:6      | Killed a yak
  5279 | D:6      | Reached XP level 8. HP: 50/70 MP: 8/8
  5286 | D:6      | Reached skill level 8 in Maces & Flails
  5652 | D:6      | Noticed a hornet
  5661 | D:6      | Killed a hornet
  5662 | D:6      | Reached XP level 9. HP: 78/78 MP: 10/10
  5740 | D:6      | Found a staircase to the Ecumenical Temple.
  5814 | D:6      | Found Jeit's Assorted Antiques.
  5814 | D:6      | Found Waneokul's Weapon Boutique.
  5816 | D:6      | Found Uvink's Antique Weapon Boutique.
  5819 | D:6      | Reached skill level 9 in Maces & Flails
  5824 | D:6      | Bought a pair of boots for 81 gold pieces
  5830 | D:6      | Found Leemex's Armour Boutique.
  6059 | D:7      | Identified the +3 spear of Res Nullius {protect, Str+4
                  | Stlth+}
  6090 | D:7      | Noticed Menkaure
  6097 | D:7      | Killed Menkaure
  6186 | D:7      | Found a sand-covered staircase.
  6193 | Ossuary  | Entered an ossuary
  6199 | Ossuary  | Reached * piety under the Shining One
  6220 | Ossuary  | Reached skill level 10 in Maces & Flails
  6297 | Ossuary  | Reached ** piety under the Shining One
  6849 | Ossuary  | Reached *** piety under the Shining One
  7049 | D:7      | Reached skill level 5 in Invocations
  7049 | D:7      | Reached XP level 10. HP: 88/88 MP: 12/12
  7146 | D:7      | Reached skill level 1 in Dodging
  7641 | D:8      | Noticed a two-headed ogre
  7646 | D:8      | Killed a two-headed ogre
  7647 | D:8      | Reached skill level 11 in Maces & Flails
  7713 | D:8      | Identified the +0 dire flail of Viwariutt {heavy, rElec
                  | rCorr Str+3 Dex+4}
  8536 | D:9      | Found a staircase to the Orcish Mines.
  8651 | D:9      | Identified the +7 mace of the Sky {holy, rCorr Str-5 Int+5}
  8717 | D:9      | Noticed Pikel
  8727 | D:9      | Killed Pikel
  8936 | D:9      | Noticed Maurice
  8954 | D:9      | Killed Maurice
  9403 | D:10     | Entered Level 10 of the Dungeon
  9445 | D:10     | Reached XP level 11. HP: 93/97 MP: 14/14
  9458 | D:10     | Reached skill level 12 in Maces & Flails
  9486 | D:10     | Found a staircase to the Lair.
  9593 | D:10     | Found a flagged portal.
  9605 | Bailey   | Entered a bailey
  9797 | Bailey   | Noticed an orc knight
  9815 | Bailey   | Killed an orc knight
  9816 | Bailey   | Reached skill level 1 in Evocations
  9819 | Bailey   | Noticed an orc knight
  9838 | Bailey   | Killed an orc knight
  9969 | Bailey   | Reached skill level 1 in Ranged Weapons
 10648 | D:10     | Found an ancient bone altar of Kikubaaqudgha.
 10701 | D:10     | Found a sacrificial altar of Ru.
 10719 | Lair:1   | Entered Level 1 of the Lair of Beasts
 11446 | Lair:1   | Reached **** piety under the Shining One
 11868 | Lair:2   | Noticed a six-headed hydra
 11875 | Lair:2   | Killed a six-headed hydra
 11938 | Lair:2   | Reached skill level 5 in Dodging
 11943 | Lair:2   | Reached skill level 13 in Maces & Flails
 12129 | Lair:2   | Reached skill level 10 in Shields
 12129 | Lair:2   | Reached XP level 12. HP: 106/106 MP: 16/16
 12214 | Lair:2   | Noticed a six-headed hydra
 12221 | Lair:2   | Killed a six-headed hydra
 12222 | Lair:2   | Reached skill level 10 in Fighting
 12637 | Lair:2   | Reached skill level 10 in Armour
 12960 | Lair:3   | Noticed Snorg
 12971 | Lair:3   | Killed Snorg
 13086 | Lair:3   | Identified the +0 ring mail of the Saviour {+Blink Will++
                  | Str-4 SInv}
 13161 | Lair:3   | Found a hole to the Spider Nest.
 13479 | Lair:3   | Noticed a four-headed hydra
 13487 | Lair:3   | Killed a four-headed hydra
 13501 | Lair:3   | Found a runed translucent door.
 13513 | Lair:3   | Noticed Befuwnopp's ghost (journeyman TrHu)
 13541 | Lair:3   | Noticed a six-headed hydra
 13549 | Lair:3   | Killed a six-headed hydra
 13666 | Lair:3   | Reached skill level 14 in Maces & Flails
 13667 | Lair:3   | Identified the amulet "Zyatwyzu" {Faith *Corrode rElec
                  | Dex+3}
 13865 | Lair:3   | Noticed an eight-headed hydra
 13870 | Lair:3   | Killed an eight-headed hydra
 13872 | Lair:3   | Noticed a six-headed hydra
 13883 | Lair:3   | Killed a six-headed hydra
 13975 | Lair:3   | Noticed a four-headed hydra
 13980 | Lair:3   | Killed a four-headed hydra
 14004 | Lair:3   | Found a staircase to the Swamp.
 14064 | Lair:3   | Reached skill level 5 in Ranged Weapons
 14406 | Lair:4   | Reached XP level 13. HP: 113/115 MP: 17/17
 14572 | Lair:4   | Noticed Urug
 14578 | Lair:4   | Killed Urug
 14746 | Lair:4   | Found a staircase to the Slime Pits.
 14746 | Lair:4   | Found a viscous altar of Jiyva.
 15431 | Lair:5   | Entered Level 5 of the Lair of Beasts
 15973 | Lair:5   | Reached skill level 5 in Evocations
 15980 | Lair:5   | Reached ***** piety under the Shining One
 16500 | Lair:5   | Found a corrupted altar of Lugonu.
 16500 | Lair:5   | Found a one-way gate to the infinite horrors of the Abyss.
 16820 | Orc:1    | Entered Level 1 of the Orcish Mines
 16820 | Orc:1    | Found Foocy's Book Shop.
 17047 | Orc:1    | Noticed Fannar
 17058 | Orc:1    | Killed Fannar
 17345 | Orc:2    | Entered Level 2 of the Orcish Mines
 17413 | Orc:2    | Reached XP level 14. HP: 125/125 MP: 19/19
 17536 | Orc:2    | Found Nagi's Weapon Shop.
 17578 | Orc:2    | Found Kittimyo's General Store.
 17578 | Orc:2    | Found Ysaap's General Store.
 17578 | Orc:2    | Found Sot Balo's Antique Weapon Shoppe.
 17586 | Orc:2    | Bought a potion of heal wounds for 80 gold pieces
 17587 | Orc:2    | Bought a potion of resistance for 140 gold pieces
 17652 | Orc:2    | Found a runed translucent door.
 17693 | Orc:2    | Found Fqaukot's Fabulous Fripperies.
 17747 | Orc:2    | Found a staircase to the Elven Halls.
 17812 | Orc:2    | Noticed Melkor's ghost (journeyman AtFi)
 18537 | D:11     | Noticed Psyche
 18547 | D:11     | Killed Psyche
 18548 | D:11     | Reached skill level 15 in Maces & Flails
 18747 | D:11     | Noticed Nergalle
 18758 | D:11     | Killed Nergalle
 19375 | D:12     | Noticed Erolcha
 19384 | D:12     | Killed Erolcha
 19447 | D:12     | Reached ****** piety under the Shining One
 19559 | D:12     | Found a portal to a secret trove of treasure.
 20147 | D:12     | Identified the +2 robe of the Vacuum {Will+ Int+2}
 20224 | D:12     | Noticed Nessos
 20231 | D:12     | Killed Nessos
 20676 | D:13     | Found a frozen archway.
 21012 | D:13     | Found a gate to the Vaults.
 21377 | D:13     | Reached XP level 15. HP: 131/134 MP: 21/21
 21899 | D:14     | Reached skill level 10 in Invocations
 22080 | D:14     | Reached skill level 16 in Maces & Flails
 22750 | D:15     | Entered Level 15 of the Dungeon
 22793 | D:15     | Noticed Roxanne
 22873 | D:15     | Found a flickering gateway to a bazaar.
 22899 | Bazaar   | Entered a bazaar
 22903 | Bazaar   | Found Plog's Distillery.
 22910 | Bazaar   | Bought a potion of heal wounds for 70 gold pieces
 22925 | Bazaar   | Found Siasharch's Magic Scroll Boutique.
 22931 | Bazaar   | Found Wiedav's Magic Scroll Boutique.
 22932 | Bazaar   | Bought a scroll of enchant armour for 112 gold pieces
 22932 | Bazaar   | Bought a scroll of enchant armour for 112 gold pieces
 22939 | Bazaar   | Bought a scroll of magic mapping for 75 gold pieces
 22939 | Bazaar   | Found Lewah Jia's Magic Scroll Boutique.
 22947 | Bazaar   | Bought a scroll of blinking for 105 gold pieces
 22955 | Bazaar   | Bought a scroll of brand weapon for 95 gold pieces
 22955 | Bazaar   | Bought a scroll of teleportation for 30 gold pieces
 22962 | Bazaar   | Bought a scroll of teleportation for 45 gold pieces
 22962 | Bazaar   | Bought a scroll of teleportation for 45 gold pieces
 22962 | Bazaar   | Bought a scroll of teleportation for 45 gold pieces
 22983 | Bazaar   | Bought a potion of curing for 42 gold pieces
 22983 | Bazaar   | Bought 2 potions of curing for 84 gold pieces
 22983 | Bazaar   | Bought a potion of haste for 140 gold pieces
 23034 | D:15     | Reached skill level 10 in Dodging
 23125 | D:15     | Found a staircase to the Depths.
 24016 | Swamp:1  | Entered Level 1 of the Swamp
 25272 | Swamp:2  | Reached XP level 16. HP: 112/146 MP: 23/23
 25332 | Swamp:2  | Identified a +3 morningstar of holy wrath (a +1 morningstar
                  | of distortion blessed by the Shining One)
 25332 | Swamp:2  | Received a gift from the Shining One
 27407 | Swamp:4  | Entered Level 4 of the Swamp
 27585 | Swamp:4  | Reached skill level 15 in Armour
 27588 | Swamp:4  | Reached skill level 15 in Fighting
 27623 | Swamp:4  | Noticed the 27-headed Lernaean hydra
 27628 | Swamp:4  | Killed the 27-headed Lernaean hydra
 27633 | Swamp:4  | Got a decaying rune of Zot
 27946 | Swamp:4  | HP: 1/149 [death drake] (12)]
 27946 | Swamp:4  | Succumbed to a death drake's dark miasma

Illustrated notes

Levels and vault maps discovered:
D:1:      evilmike_arrival_crescent, layout_basic,
          shapermc_ecumenical_altar_notcrosses
D:2:      layout_loops_cross, uniq_crazy_yiuf_cottage, uniq_terence
D:3:      layout_basic, chequers_big_river
D:4:      layout_cave_pods, nicolae_overflows_in_rows, grunt_ministairs_7,
          kennysheep_potato
D:5:      layout_cave_pools
D:6:      layout_basic, mainiacjoe_overflow_small_starburst,
          minmay_temple_entry_glassed_door, minmay_shop_grid_forest,
          chequers_decorated_corner, uniq_maggie
D:7:      layout_basic, enter_ossuary_2, minivault_25, uniq_menkaure
D:8:      layout_loops_ring
D:9:      layout_stronghold, orc_0_dummy, uniq_pikel, uniq_maurice
D:10:     nicolae_hitomezashi [nicolae_hito_row, nicolae_hito_row,
          nicolae_hito_row, nicolae_hito_row, nicolae_hito_row,
          nicolae_hito_row, nicolae_hito_row, nicolae_hito_row,
          nicolae_hito_row, nicolae_hito_row, nicolae_hito_row,
          nicolae_hito_row, nicolae_hito_row, nicolae_hito_row,
          nicolae_hito_row, nicolae_hito_row, nicolae_hito_row,
          nicolae_hito_row], layout_cave_pools, mainiacjoe_overflow_big_doors,
          enter_bailey_4
D:11:     layout_basic, uniq_psyche, uniq_nergalle
D:12:     layout_loops_corners, enter_trove_5, uniq_erolcha, uniq_nessos
D:13:     layout_layer_cave, erik_vaults_2, portal_ice_cave_entry_imps
D:14:     layout_grid_maze, nicolae_eternal_life
D:15:     grunt_enter_depths_magical_seal, layout_irregular_city,
          minmay_door_square, serial_shops, bzr_entry_road,
          chequers_serial_rivers_small_b, dk_noncrumbling_3, uniq_roxanne
Lair:1:   layout_loops_ring, grunt_megastairs_5, serial_bayou_shore_a
Lair:2:   layout_regular_city
Lair:3:   layout_gridlike, palyth_hydra_swamp_entry,
          nicolae_spider_entry_tight_spaces, hellmonk_ghost_happy_afterlife,
          serial_bayou_pond_c, lemuel_fruit_fields, uniq_snorg
Lair:4:   layout_concentric_octagons, nicolae_slime_entry_field_trip,
          nicolae_quartered_pool_super, uniq_urug
Lair:5:   hellmonk_lair_end_abyssal_woods, layout_regular_city,
          grunt_forest_stairs_basic
Swamp:1:  layout_basic_swamp, infiniplex_staircase_pool_2
Swamp:2:  layout_falls_marsh, evilmike_swamp_ruin_house_3,
          infiniplex_staircase_pool
Swamp:3:  layout_basic_swamp, evilmike_swamp_ruin_rubble_2
Swamp:4:  grunt_swamp_rune_castle, layout_basic_swamp
Orc:1:    layout_caves, serial_shops, nicolae_shop_waterfront, basic_altar,
          uniq_fannar
Orc:2:    st_orc_ogre_mass, layout_caves, gammafunk_ghost_grave,
          nicolae_alphabet_shops

Skill      XL: |  1  2  3  4  5  6  7  8  9 10 11 12 13 14 15 16 |
---------------+-------------------------------------------------+-----
Maces & Flails | 3 4 5 6 7 8 10 11 13 14 15 16 | 16.0
Fighting       | 4 5 6 8 9 10 11 12 14 15 | 15.1
Shields        | 4 5 6 8 9 10 11 | 11.9
Armour         | 4 5 6 8 9 10 11 12 14 15 | 15.2
Invocations    | 2 3 5 6 7 9 11 12 | 12.1
Dodging        | 3 5 6 8 9 10 12 | 12.0
Evocations     | 2 4 5 7 8 9 |  9.6
Ranged Weapons | 3 5 6 7 9 |  9.1

Action                     |  1- 3 |  4- 6 |  7- 9 | 10-12 | 13-15 | 16-18 || total
---------------------------+-------+-------+-------+-------+-------+-------++-------
  Melee: Flail             |    61 |   138 |    30 |       |       |       ||   229
         Headbutt          |     3 |    30 |    33 |   113 |   327 |   101 ||   607
         Morningstar       |       |       |   111 |   425 |  1017 |   155 ||  1708
         Unarmed           |       |       |       |    12 |       |       ||    12
         Eveningstar       |       |       |       |       |       |   148 ||   148
   Fire: Sling             |       |    39 |    13 |    64 |    43 |     9 ||   168
  Throw: Dart              |       |       |     2 |       |       |       ||     2
 Invoke: Divine Shield     |       |       |     1 |     4 |     7 |     3 ||    15
         Cleansing Flame   |       |       |       |       |     1 |     4 ||     5
         Summon Divine War |       |       |       |       |     1 |     2 ||     3
         Brand Weapon With |       |       |       |       |       |     1 ||     1
  Evoke: Wand              |       |       |     1 |       |     3 |       ||     4
    Use: Scroll            |       |    10 |    11 |    10 |     9 |     2 ||    42
         Potion            |       |       |     3 |     2 |     1 |     5 ||    11
 Armour: Scale mail        |    31 |     3 |       |       |       |       ||    34
         Chain mail        |       |    81 |   152 |     6 |       |       ||   239
         Plate armour      |       |       |       |    94 |       |       ||    94
         Skin              |       |       |       |     2 |       |       ||     2
         Crystal plate arm |       |       |       |   224 |   611 |   392 ||  1227
  Dodge: Dodged            |    38 |    49 |   122 |   134 |   189 |   132 ||   664
  Block: Buckler           |    17 |    51 |   103 |    86 |       |       ||   257
         Kite shield       |       |       |       |   194 |   701 |   360 ||  1255
